AoeStats
← miguelon01

Arena

507395696Analyzed
4v4 RM · 15d ago on Sep 18, 2026· 51m 16s· 8 players
Game mode
Random Map
Map size
Large (8 player)
Population
200
Speed
Normal
Resources
Standard
Victory
Conquest
Starting age
Dark Age
Ending age
Imperial Age
RankedLock teamsTeams togetherTeam positionsShared explorationLock speedFull tech treeHidden civsTurbo modeCheats
Victory
Defeat
🇨🇳 Persians · China
1316
+9
🇲🇽 Italians · Mexico
1180
+14
🇺🇸 Romans · United States
1071
+19
🇨🇳 Britons · China
1005
+21
🇨🇱 Aztecs · Chile
1195
-18
🇧🇷 Goths · Brazil
1130
-15
🇺🇸 Chinese · United States
1120
-15
🇺🇸 Hindustanis · United States
1117
-15
redheadedkiller
0:28 Loom
11:39 Feudal Age
16:18 Castle Age
15:31 Double-Bit Axe
16:12 Horse Collar
19:35 Fletching
19:49 Padded Archer Armor
22:31 Bodkin Arrow
27:34 Imperial Age
27:04 Bow Saw
27:26 Ballistics
27:02 Murder Holes
28:29 Bracer
28:44 Leather Archer Armor
29:36 Leather Archer Armor
31:14 Chemistry
32:57 Elite Chu Ko Nu
34:57 Conscription
35:24 Ring Archer Armor
38:57 Squires
38:43 Arson
39:31 Forging
39:21 Scale Mail Armor
43:48 Wheelbarrow
43:07 Elite Fire Lancer
45:18 Chain Mail Armor
45:38 Iron Casting
48:00 Plate Mail Armor
MAMBA MULLET
7:56 Loom
10:57 Feudal Age
9:18 Loom
15:17 Castle Age
13:18 Double-Bit Axe
14:42 Horse Collar
14:56 Gold Mining
16:39 Wheelbarrow
22:56 Bow Saw
26:10 Gold Shaft Mining
29:46 Imperial Age
28:06 Heavy Plow
28:49 Hand Cart
31:52 Two-Man Saw
32:30 Chemistry
31:51 Ballistics
31:34 Padded Archer Armor
32:09 Shatagni
33:09 Leather Archer Armor
34:55 Scale Barding Armor
35:00 Forging
35:37 Bloodlines
35:27 Husbandry
34:49 Heavy Camel Rider
36:56 Chain Barding Armor
37:12 Iron Casting
39:18 Plate Barding Armor
39:44 Blast Furnace
39:01 Caravan
39:32 Coinage
41:00 Imperial Camel Rider
41:26 Light Cavalry
42:45 Banking
42:18 Hussar
43:30 Conscription
43:47 Hoardings
43:29 Fortified Wall
DaN_L
10:25 Feudal Age
8:43 Loom
14:53 Castle Age
13:34 Double-Bit Axe
15:40 Wheelbarrow
16:28 Squires
19:33 Horse Collar
19:46 Gold Mining
23:08 Heavy Plow
28:48 Imperial Age
27:08 Fletching
27:18 Padded Archer Armor
26:40 Crossbowman
27:53 Ballistics
31:59 Imperial Age
29:44 Bodkin Arrow
31:16 Bow Saw
32:08 Elite Skirmisher
32:14 Elite Skirmisher
33:13 Bracer
miguelon01
12:08 Feudal Age
16:28 Castle Age
14:39 Stone Mining
15:01 Double-Bit Axe
15:39 Horse Collar
17:27 Wheelbarrow
23:52 Gold Mining
28:22 Imperial Age
25:38 Loom
26:44 Forging
26:36 Scale Mail Armor
27:05 Squires
27:45 Bow Saw
30:42 Iron Casting
34:25 Chain Mail Armor
35:27 Fletching
35:45 Heavy Plow
35:37 Elite Skirmisher
37:21 Blast Furnace
36:22 Padded Archer Armor
36:43 Bodkin Arrow
40:16 Two-Man Saw
40:15 Leather Archer Armor
40:35 Ballistics
41:53 Bracer
42:59 Ring Archer Armor
43:05 Hand Cart
44:00 Chemistry
43:09 Scale Barding Armor
42:49 Elite Huskarl
45:07 Crop Rotation
45:46 Pikeman
Noxxz
10:00 Feudal Age
11:29 Feudal Age
16:15 Castle Age
14:58 Double-Bit Axe
21:14 Imperial Age
19:17 Padded Archer Armor
21:54 Leather Archer Armor
22:58 Chemistry
22:08 Loom
22:12 Horse Collar
22:24 Gold Mining
26:14 Ring Archer Armor
30:39 Wheelbarrow
TWENTYSIX2SAM4
4:24 Loom
10:53 Feudal Age
11:27 Double-Bit Axe
11:25 Horse Collar
17:58 Castle Age
17:06 Stone Mining
21:11 Wheelbarrow
21:11 Heavy Plow
22:46 Gold Mining
22:23 Man-at-Arms
23:08 Scale Mail Armor
23:41 Bow Saw
23:51 Long Swordsman
32:25 Imperial Age
34:02 Ballistics
34:33 Conscription
35:13 Heavy Scorpion
36:56 Chemistry
37:11 Legionary
39:11 Chain Mail Armor
39:07 Forging
39:51 Siege Engineers
42:08 Iron Casting
43:02 Comitatenses
42:14 Capped Ram
44:28 Blast Furnace
44:06 Gold Shaft Mining
dy小妖
10:36 Feudal Age
11:36 Double-Bit Axe
14:44 Castle Age
13:13 Horse Collar
15:32 Bow Saw
15:24 Heavy Plow
20:10 Gold Mining
20:36 Loom
21:42 Town Watch
23:03 Wheelbarrow
23:26 Gold Shaft Mining
23:22 Stone Mining
29:11 Imperial Age
27:43 Hand Cart
28:09 Scale Barding Armor
29:18 Bloodlines
29:09 Husbandry
29:06 Cavalier
30:08 Chain Barding Armor
30:28 Conscription
31:30 Plate Barding Armor
31:07 Forging
30:42 Savar
34:28 Iron Casting
40:48 Blast Furnace
40:28 Fletching
45:38 Light Cavalry
47:12 Scale Mail Armor
47:39 Heavy Camel Rider
渣渣灰
10:37 Feudal Age
12:02 Double-Bit Axe
19:35 Castle Age
19:59 Wheelbarrow
19:16 Horse Collar
21:26 Bow Saw
24:00 Man-at-Arms
24:26 Gambesons
28:28 Stone Mining
28:29 Gold Mining
29:13 Heavy Plow
32:38 Imperial Age
29:56 Loom
30:34 Caravan
31:22 Gold Shaft Mining
31:32 Padded Archer Armor
31:23 Fletching
31:55 Hand Cart
33:13 Treadmill Crane
33:54 Ballistics
33:53 Leather Archer Armor
33:34 Bodkin Arrow
35:02 Hoardings
34:49 Conscription
35:12 Ring Archer Armor
35:40 Yeomen
36:03 Coinage
35:57 Guard Tower
35:53 Arrowslits
36:31 Elite Longbowman
38:14 Banking
37:54 Guilds
38:26 Bracer
38:43 Masonry
39:36 Chemistry
38:18 Long Swordsman
39:33 Warwolf
39:05 Sappers
41:54 Scale Barding Armor
41:50 Scale Mail Armor
42:00 Forging
43:05 Chain Barding Armor
42:59 Fortified Wall
43:20 Architecture
42:46 Murder Holes
42:57 Siege Engineers
42:43 Heated Shot
43:30 Keep
45:43 Two-Handed Swordsman
45:44 Pikeman
46:25 Squires
46:11 Arson
47:06 Plate Barding Armor
46:46 Chain Mail Armor
47:07 Iron Casting
Connection lost

Rejoining the realm…

Still unreachable

The connection could not be restored.

Session expired

The server has moved on; the page needs a fresh start.